 Dungeon Crawl Stone Soup version 0.20-a0-899-g09a9bfb (webtiles) character file.

168679 Erani the Severer (level 17, -2/162 HPs)
             Began as a Hill Orc Fighter on Mar 17, 2017.
             Was the Champion of Okawaru.
             Slain by a salamander
             ... wielding a +4 trident of venom
              (3 damage)
             ... on level 4 of the Snake Pit on Mar 18, 2017.
             The game lasted 02:42:36 (37470 turns).

Erani the Severer (Hill Orc Fighter)               Turns: 37470, Time: 02:42:37

Health: -2/162     AC: 41    Str: 24    XL:     17   Next: 95%
Magic:  20/20      EV: 18    Int:  8    God:    Okawaru [******]
Gold:   2467       SH: 10    Dex: 17    Spells: 16/16 levels left

rFire    + + .     SeeInvis +   Q - +4 broad axe (venom)
rCold    + . .     Gourm    .   j - +4 gold dragon scales
rNeg     . . .     Faith    .   K - +1 buckler {AC+3}
rPois    +         Spirit   .   U - +1 hat {SInv}
rElec    +         Reflect  .   S - +2 cloak {MR+}
rCorr    .         Harm     .   T - +2 pair of gloves
MR       ++...                  d - +1 pair of boots
Stlth    ..........             r - amulet "Unegom" {RegenMP rElec rF+}
Regen    0.4/turn               G - +2 ring of slaying
MPRegen  0.3/turn               H - +1 ring of slaying

@: agile, lethally poisoned (-2 -> -4), heroism
A: no striking features
a: Heroism, Finesse, Renounce Religion


You were on level 4 of the Snake Pit.
You worshipped Okawaru.
Okawaru was exalted by your worship.
You were not hungry.

You visited 5 branches of the dungeon, and saw 28 of its levels.
You also visited: Labyrinth, Bailey and Volcano.

You collected 2785 gold pieces.
You spent 318 gold pieces at shops.

Inventory:

Hand Weapons
 a - the +7 broad axe of Revolt {freeze, Int+4}
   (Okawaru gifted it to you on level 3 of the Lair of Beasts)

   It has been specially enchanted to freeze those struck by it, causing extra
   injury to most foes and up to half again as much damage against particularly
   susceptible opponents.
   It can also slow down cold-blooded creatures.
   It affects your intelligence (+4).
 b - a +0 hand crossbow
 u - a +5 flail of protection
 Q - a +4 broad axe of venom (weapon)
Missiles
 J - 668 bolts
Armour
 c - a +1 shield
 d - a +1 pair of boots (worn)
 i - a +2 plate armour of magic resistance
 j - +4 gold dragon scales (worn)
 l - a +1 hat of magic resistance
 K - a +1 buckler of protection (worn)
 M - the +1 helmet of Poor Excuses {+Fly}
   (Okawaru gifted it to you on level 15 of the Dungeon)

   It lets you fly.
 S - a +2 cloak of magic resistance (worn)
 T - a +2 pair of gloves (worn)
 U - a +1 hat of see invisible (worn)
 V - the +1 helmet "Peuxtid" {rElec}
   (You found it on level 4 of the Lair of Beasts)

   It insulates you from electricity.
Jewellery
 m - the amulet "Huodeuho" {Gourm Str+6}
   (You acquired it on level 1 of the Lair of Beasts)

   [amulet of the gourmand]

   It allows you to eat raw meat even when not hungry.
   It affects your strength (+6).
 o - an uncursed amulet of faith {unknown}
 r - the amulet "Unegom" (around neck) {RegenMP rElec rF+}
   (You acquired it on level 13 of the Dungeon)

   [amulet of magic regeneration]

   It increases your magic regeneration.
   It protects you from fire.
   It insulates you from electricity.
 C - an uncursed ring of resist corrosion
 G - a +2 ring of slaying (right hand)
 H - a +1 ring of slaying (left hand)
Wands
 h - a wand of iceblast (0/15)
 t - a wand of digging (23/24)
 A - a wand of iceblast (6/15)
 E - a wand of clouds (3/9)
 I - a wand of lightning (8/15)
 R - a wand of disintegration (11/24)
Scrolls
 g - 12 scrolls of teleportation
 k - 7 scrolls of enchant weapon
 p - 6 scrolls of magic mapping
 w - a scroll of fear
 L - a scroll of silence
 P - 2 scrolls of identify
 W - a scroll of remove curse
Potions
 n - a potion of haste
 s - 2 potions of flight
 x - 5 potions of might
 z - a potion of curing
 D - 3 potions of berserk rage
 N - 3 potions of resistance
 O - 2 potions of cancellation
Miscellaneous
 y - a lamp of fire
Comestibles
 f - 18 bread rations
 q - 15 royal jellies
 v - 30 fruits
 B - 5 meat rations
 F - 6 chunks of flesh


   Skills:
 * Level 17.5(22.5) Fighting
 - Level 19.3(24.3) Axes
 - Level 6.3(11.3) Crossbows
 + Level 14.7(19.7) Armour
 + Level 9.1(14.1) Dodging
 + Level 14.6(19.6) Shields
 - Level 3.0 Invocations
 - Level 5.1 Evocations


You had 16 spell levels left.
You didn't know any spells.

Dungeon Overview and Level Annotations

Branches:
Dungeon (15/15)            Temple (1/1) D:4            Lair (6/6) D:10
 Shoals (0/4) Lair:3        Snake (4/4) Lair:3        Slime (0/5) Lair:5
    Orc (2/2) D:10            Elf (0/3) Orc:2        Vaults (0/5) D:13
 Depths (0/5) D:15

Altars:
Ashenzari
Cheibriados
Dithmenos
Elyvilon
Fedhas
Gozag
Hepliaklqana
Kikubaaqudgha
Makhleb
Nemelex Xobeh
Okawaru
Qazlal
Ru
Sif Muna
Trog
Uskayaw
Vehumet
Wu Jian
Xom
Yredelemnul
Zin
The Shining One
Jiyva

Shops:
D:12 ((*[!   Orc:1 =   Orc:2 *}(%

Annotations:
D:6 tarabluh's ghost, novice TrSu
D:14 exclusion: Roxanne, Roxanne


Message History

You hit the salamander but do no damage.
The salamander looks as sick as possible!
The salamander is moderately wounded.
You barely miss the naga.
You feel sick.
You kill the naga!
Okawaru accepts your kill.
The salamander hits you with a trident of venom!
* * * LOW HITPOINT WARNING * * *
You are engulfed in flames.
You resist.
* * * LOW HITPOINT WARNING * * *
Your gold dragon scales prevents you from hitting the salamander.
The salamander is moderately wounded.
You slash the salamander!
The salamander looks as sick as possible!
The salamander is severely wounded.
You feel sick.
The salamander hits you with a trident of venom!
* * * LOW HITPOINT WARNING * * *
You are engulfed in flames.
You resist.
You die...

### #....# #####.#####....##
##### ##........###..[.##
####)...
##...........#.....###....(.( .
##............#[.)..#.........
..#.........(.(([((.............
............(..))...?...........
#........)[)...)(......#........
#.......[[[).N@).....##........
#.......##...)......###.....<.
##...<.####........## #.......
##...## ###.....## ##......
##... ##...## #....## ##...
##### #....## ##... #.N..# ##..
.N..# ##. ..##


You could see a salamander.

Vanquished Creatures
  Vashnia (Snake:3)
  Nikola (Snake:3)
  The ghost of EternalSandwich the Fencer, an adept MiGl of Wu Jian (Snake:3)
  The ghost of Trees the Fencer, an adept OpGl of Ru (Snake:2)
  2 nagarajas
  Aizul (Snake:2)
  Azrael (D:14)
  Snorg (Lair:4)
  The ghost of Theed the Fencer, a journeyman MiGl of the Shining One (D:12)
  A minotaur (Lab)
  Josephine (D:14)
  8 vault guards (D:13)
  An ogre mage (Volcano)
  Fannar (D:12)
  12 naga warriors
  6 hydras
  6 anacondas
  14 two-headed ogres
  A centaur warrior (D:15)
  2 tengu warriors
  Urug (D:12)
  14 naga sharpshooters
  A hell knight (Volcano)
  6 shock serpents (Snake:2)
  14 spriggans (Lair:6)
  A deep elf knight (Bailey)
  A salamander mystic (Snake:2)
  6 skeletal warriors
  An unseen horror (D:12)
  6 sea snakes (Snake:2)
  5 naga ritualists
  A deep elf archer (D:15)
  A tengu zombie (D:15)
  A phantasmal warrior (D:15)
  4 orc knights
  4 oklob plants
  A necromancer (D:15)
  2 mana vipers
  8 ugly things
  13 deep elf magi
  11 salamanders
  A stone giant skeleton (D:15)
  3 manticores
  7 cyclopes
  An orc sorcerer (Orc:2)
  An elephant (shapeshifter) (D:15)
  A guardian serpent (Snake:1)
  19 naga magi
  28 black mambas
  A frost giant skeleton (D:15)
  14 spiny frogs
  5 centaur skeletons
  2 gargoyles
  4 rime drakes
  A yaktaur (D:15)
  An efreet (D:15)
  A freezing wraith (D:15)
  A yaktaur (shapeshifter) (D:14)
  9 komodo dragons
  2 tengu conjurers (D:15)
  10 trolls
  A kobold demonologist (D:10)
  A spriggan skeleton (D:15)
  A queen bee (D:10)
  9 polar bears
  8 hornets (Lair:6)
  2 slime creatures (D:12)
  16 blink frogs
  9 hippogriffs
  Sigmund (D:4)
  8 wraiths
  2 wyverns
  2 shadows
  3 basilisks
  4 fire elementals (D:14)
  A basilisk (shapeshifter) (D:15)
  22 yaks
  The ghost of Phlounder the Magician, an amateur DsWn (D:3)
  3 vampire mosquitoes (D:13)
  3 wargs (Orc:2)
  Edmund (D:4)
  37 nagas
  2 soldier ants (D:11)
  2 hell hounds
  16 water moccasins
  43 orc warriors
  7 porcupines
  A hornet zombie (D:12)
  Duvessa (D:4)
  5 ice beasts
  2 phantoms
  4 sky beasts
  11 black bears
  An eye of draining (D:12)
  20 wolves
  3 necrophages
  4 boggarts (Lair:6)
  15 ogres
  12 centaurs
  12 crocodiles
  2 big kobolds
  18 bullfrogs
  Dowan (D:4)
  2 wyvern skeletons
  A water moccasin skeleton (D:7)
  2 scorpions
  21 killer bees
  2 howler monkeys
  6 wights
  An electric eel (Lair:1)
  7 crimson imps
  A bullfrog zombie (D:9)
  A wyvern simulacrum (D:15)
  14 hounds
  3 centaur zombies
  10 jellies
  15 orc wizards
  12 orc priests
  7 iguanas
  2 bullfrog skeletons
  12 worker ants
  9 hell rats (Lair:3)
  2 hound skeletons
  3 gnolls (Orc:2)
  13 adders
  A howler monkey skeleton (D:8)
  10 river rats (Lair:3)
  5 shadow imps
  18 oozes
  4 adder skeletons
  A worm (D:3)
  5 dart slugs
  9 leopard geckos
  81 orcs
  6 giant cockroaches
  10 goblins
  6 hobgoblins
  12 jackals
  12 quokkas
  4 bats
  4 frilled lizards
  15 kobolds
  A quokka zombie (D:5)
  19 rats
  4 fungi
  5 plants
  A withered plant (D:15)
973 creatures vanquished.

Vanquished Creatures (others)
  12 fungi
  11 plants
23 creatures vanquished.

Grand Total: 996 creatures vanquished

Notes
Turn   | Place    | Note
-------+----------+-------------------------------------------
     0 | D:1      | Erani the Hill Orc Fighter began the quest for the Orb.
     0 | D:1      | Reached XP level 1. HP: 19/19 MP: 1/1
    83 | D:1      | Reached skill level 3 in Axes
   366 | D:1      | Reached XP level 2. HP: 26/27 MP: 2/2
   556 | D:1      | Reached XP level 3. HP: 33/33 MP: 3/3
  1114 | D:2      | Reached skill level 4 in Axes
  1194 | D:2      | Reached XP level 4. HP: 37/40 MP: 4/4
  2028 | D:3      | Noticed Phlounder's ghost (amateur DsWn)
  2447 | D:3      | HP: 1/41 [Phlounder's ghost (2)]
  2704 | D:4      | Found an ancient bone altar of Kikubaaqudgha.
  2757 | D:4      | Reached XP level 5. HP: 32/47 MP: 5/5
  2780 | D:4      | Found a staircase to the Ecumenical Temple.
  2845 | Temple   | Entered the Ecumenical Temple
  2882 | Temple   | Became a worshipper of Warmaster Okawaru
  2908 | D:4      | Noticed Sigmund
  2924 | D:4      | Killed Sigmund
  2924 | D:4      | Reached skill level 5 in Axes
  2924 | D:4      | Reached XP level 6. HP: 43/55 MP: 6/6
  2976 | D:4      | Noticed Dowan
  2977 | D:4      | Noticed Duvessa
  2988 | D:5      | Entered Level 5 of the Dungeon
  3022 | D:5      | Reached skill level 5 in Fighting
  3022 | D:5      | Reached skill level 6 in Axes
  3310 | D:5      | Reached * piety under Okawaru
  3310 | D:5      | Reached XP level 7. HP: 54/61 MP: 7/7
  3344 | D:5      | Found a hazy altar of Hepliaklqana.
  3345 | D:5      | Found a shimmering altar of Xom.
  3346 | D:5      | Noticed a spectral ugly thing
  3446 | D:5      | Found an opulent altar of Gozag.
  3537 | D:6      | Reached skill level 5 in Shields
  3636 | D:6      | Reached skill level 1 in Invocations
  3640 | D:6      | Noticed tarabluh's ghost (novice TrSu)
  3773 | D:6      | Reached skill level 7 in Axes
  3826 | D:6      | Reached skill level 5 in Armour
  4069 | D:6      | Reached ** piety under Okawaru
  4069 | D:6      | Reached XP level 8. HP: 70/70 MP: 9/9
  4185 | D:6      | Reached skill level 8 in Axes
  4320 | D:4      | Killed Duvessa
  4323 | D:4      | Killed Dowan
  4356 | D:5      | Got a jewelled ring mail
  4367 | D:5      | Identified the +1 ring mail of the Tired Dances {*Contam Str+5} (You found it on level 5 of the Dungeon)
  4422 | D:4      | Reached skill level 1 in Evocations
  4560 | D:4      | Noticed Edmund
  4598 | D:4      | Killed Edmund
  4789 | D:4      | Found a basalt altar of Yredelemnul.
  4789 | D:4      | Found a shadowy altar of Dithmenos.
  4794 | D:4      | Found a blossoming altar of Fedhas.
  5447 | D:3      | Killed Phlounder's ghost
  5735 | D:6      | Reached skill level 9 in Axes
  5822 | D:6      | Reached XP level 9. HP: 72/78 MP: 11/11
  6021 | D:7      | Reached *** piety under Okawaru
  6673 | D:7      | Reached skill level 1 in Crossbows
  7353 | D:8      | Reached **** piety under Okawaru
  7353 | D:8      | Reached skill level 10 in Axes
  7969 | D:9      | Reached XP level 10. HP: 77/88 MP: 12/12
  8056 | D:9      | Noticed a cyclops
  8069 | D:9      | Killed a cyclops
  8495 | D:9      | Reached skill level 11 in Axes
  8717 | D:10     | Entered Level 10 of the Dungeon
  8867 | D:10     | Reached ***** piety under Okawaru
  9494 | D:10     | Found a staircase to the Lair.
 10264 | D:10     | Noticed a kobold demonologist
 10340 | D:10     | Reached skill level 12 in Axes
 10415 | D:10     | Reached XP level 11. HP: 50/95 MP: 14/14
 10650 | D:10     | Found a staircase to the Orcish Mines.
 10729 | D:10     | Reached skill level 5 in Evocations
 10742 | D:10     | Received a gift from Okawaru
 11230 | Orc:1    | Entered Level 1 of the Orcish Mines
 11252 | Orc:1    | Noticed an orc knight
 11303 | Lair:1   | Entered Level 1 of the Lair of Beasts
 11719 | Lair:1   | Reached ****** piety under Okawaru
 12132 | Lair:1   | Received a gift from Okawaru
 12140 | Lair:1   | Reached skill level 13 in Axes
 12519 | Lair:1   | Found a blossoming altar of Fedhas.
 12557 | Lair:1   | Reached skill level 5 in Crossbows
 12605 | Lair:1   | Noticed a six-headed hydra
 12613 | Lair:1   | Killed a six-headed hydra
 13235 | Lair:1   | Reached XP level 12. HP: 53/106 MP: 15/15
 14302 | Orc:1    | Noticed a two-headed ogre
 14362 | D:10     | Reached skill level 10 in Fighting
 14410 | D:10     | Noticed a two-headed ogre
 14827 | D:11     | Reached skill level 14 in Axes
 15368 | D:11     | Noticed a seven-headed hydra
 15377 | D:11     | Killed a seven-headed hydra
 15377 | D:11     | Received a gift from Okawaru
 15702 | Orc:1    | Killed a two-headed ogre
 16103 | D:10     | Killed a two-headed ogre
 16134 | Orc:1    | Reached skill level 15 in Axes
 16423 | Orc:2    | Entered Level 2 of the Orcish Mines
 16426 | Orc:2    | Reached skill level 10 in Armour
 16622 | Orc:1    | Found a burning altar of Makhleb.
 16629 | Orc:1    | Found Korchag's Jewellery Shop.
 16784 | Orc:2    | Found a staircase to the Elven Halls.
 16800 | Orc:2    | Reached skill level 1 in Dodging
 16912 | Orc:1    | Received a gift from Okawaru
 17075 | Orc:2    | Reached XP level 13. HP: 85/115 MP: 16/16
 18187 | Orc:2    | Reached skill level 10 in Shields
 18517 | Orc:2    | Found Xuproukk's Weapon Boutique.
 18517 | Orc:2    | Found Akuneuf's Gadget Shoppe.
 18519 | Orc:2    | Found Suivvahu's General Store.
 18521 | Orc:2    | Found Samom's Food Shop.
 18579 | Orc:2    | Bought a scroll of identify for 24 gold pieces
 18579 | Orc:2    | Bought a scroll of identify for 24 gold pieces
 18737 | D:12     | Found a labyrinth entrance.
 18747 | Lab      | Entered a labyrinth
 19039 | Lab      | Noticed a minotaur
 19053 | Lab      | Killed a minotaur
 19053 | Lab      | Reached skill level 16 in Axes
 19102 | Lab      | Got a topaz-encrusted chain mail
 19249 | D:12     | Noticed Theed's ghost (journeyman MiGl)
 19266 | D:12     | Killed Theed's ghost
 19288 | D:12     | Found Reset's Distillery.
 19349 | D:12     | Found Xyes's Antique Armour Emporium.
 19385 | D:12     | Found Doogaff's Antique Weapon Boutique.
 19428 | D:12     | Bought a runed helmet for 270 gold pieces
 19504 | D:12     | Found Tiplomash's General Store.
 19517 | D:12     | Identified the +1 chain mail of the Moon {rPois rC+++ rCorr MP-9} (You found it in a labyrinth)
 19534 | D:12     | Upgraded the game from 0.20-a0-893-g832831a to 0.20-a0-899-g09a9bfb
 19661 | D:12     | Found Utaner's Weapon Shop.
 19957 | D:12     | Noticed Fannar
 19979 | D:12     | Killed Fannar
 20044 | D:12     | Noticed Urug
 20059 | D:12     | Killed Urug
 20059 | D:12     | Received a gift from Okawaru
 20067 | D:12     | Got an ichor-stained plate armour {god gift}
 20080 | D:12     | Identified the +0 plate armour "Rifi" {MP+9 Dex+2} (Okawaru gifted it to you on level 12 of the Dungeon)
 21255 | Lair:2   | Found a dark tunnel.
 21261 | Volcano  | Entered a volcano
 21280 | Volcano  | Noticed an ogre mage
 21285 | Volcano  | Killed an ogre mage
 21289 | Volcano  | Found a radiant altar of Vehumet.
 21404 | Volcano  | Reached skill level 17 in Axes
 21404 | Volcano  | Reached XP level 14. HP: 92/126 MP: 17/17
 22035 | Lair:3   | Found a staircase to the Shoals.
 22633 | Lair:3   | Found a staircase to the Snake Pit.
 23149 | Lair:3   | Received a gift from Okawaru
 23150 | Lair:3   | Got a bloodstained broad axe {god gift}
 23166 | Lair:3   | Identified the +7 broad axe of Revolt {freeze, Int+4} (Okawaru gifted it to you on level 3 of the Lair of Beasts)
 23592 | Lair:4   | Noticed Snorg
 23608 | Lair:4   | HP: 2/127 [Snorg (22)]
 23614 | Lair:4   | Killed Snorg
 23657 | Lair:4   | Got a warped helmet
 23668 | Lair:4   | Identified the +1 helmet "Peuxtid" {rElec} (You found it on level 4 of the Lair of Beasts)
 24503 | Lair:5   | Found a viscous altar of Jiyva.
 24506 | Lair:5   | Found a staircase to the Slime Pits.
 24980 | Lair:6   | Entered Level 6 of the Lair of Beasts
 24983 | Lair:6   | Reached skill level 18 in Axes
 25039 | Lair:6   | Received a gift from Okawaru
 25767 | Lair:6   | Reached skill level 5 in Dodging
 26002 | Lair:6   | Reached XP level 15. HP: 130/134 MP: 18/18
 26803 | Lair:1   | Identified a scroll of acquirement
 26804 | Lair:1   | Got a glittering bronze amulet
 26805 | Lair:1   | Identified the amulet "Huodeuho" {Gourm Str+6} (You acquired it on level 1 of the Lair of Beasts)
 26876 | D:13     | Found a gate to the Vaults.
 26884 | D:13     | Received a gift from Okawaru
 27015 | D:13     | Reached skill level 19 in Axes
 27031 | D:13     | Found a flagged portal.
 27037 | Bailey   | Entered a bailey
 27820 | D:13     | Found a glowing silver altar of Zin.
 28420 | D:13     | Got a transparent graven amulet
 28422 | D:13     | Identified the amulet "Unegom" {RegenMP rElec rF+} (You acquired it on level 13 of the Dungeon)
 28680 | D:14     | Noticed Josephine
 28703 | D:14     | Killed Josephine
 28703 | D:14     | Received a gift from Okawaru
 28730 | D:14     | Noticed Azrael
 28838 | D:14     | Killed Azrael
 29004 | D:14     | Reached XP level 16. HP: 139/145 MP: 19/19
 29076 | D:14     | Noticed Roxanne
 29327 | D:15     | Entered Level 15 of the Dungeon
 29676 | D:15     | Found a staircase to the Depths.
 29687 | D:15     | Received a gift from Okawaru
 29711 | D:15     | Got a fine helmet {god gift}
 30710 | D:15     | Identified the +1 helmet of Poor Excuses {+Fly} (Okawaru gifted it to you on level 15 of the Dungeon)
 30891 | Snake:1  | Entered Level 1 of the Snake Pit
 31288 | Snake:1  | Reached skill level 15 in Fighting
 32026 | Snake:2  | Noticed Trees's ghost (adept OpGl)
 32042 | Snake:2  | Killed Trees's ghost
 32188 | Snake:2  | Received a gift from Okawaru
 32258 | Snake:2  | Noticed a nagaraja
 32284 | Snake:2  | Killed a nagaraja
 32748 | Snake:2  | Noticed Aizul
 32768 | Snake:2  | Killed Aizul
 32789 | Snake:2  | Reached XP level 17. HP: 58/158 MP: 20/20
 33905 | Snake:2  | Received a gift from Okawaru
 34181 | Snake:3  | Noticed Vashnia
 34816 | Snake:3  | Noticed EternalSandwich's ghost (adept MiGl)
 34842 | Snake:3  | Killed EternalSandwich's ghost
 35222 | Snake:3  | Killed Vashnia
 35660 | Snake:3  | Noticed Nikola
 35679 | Snake:3  | Killed Nikola
 35679 | Snake:3  | Received a gift from Okawaru
 35895 | Snake:4  | Entered Level 4 of the Snake Pit
 37442 | Snake:4  | Received a gift from Okawaru
 37470 | Snake:4  | HP: 1/162 [salamander/trident of venom (14)]
 37470 | Snake:4  | Slain by a salamander

Vault maps used:
D:1:      dpeg_arrival_renting, minmay_door_square
D:2:      first_bread, lemuel_another_geyser
D:3:      wad_pebble_path
D:4:      kiku_gazebo_garden_becter, grunt_temple_overflow_open,
          minmay_temple_entry_steel_oval, uniq_edmund, uniq_duvessa,
          uniq_sigmund
D:5:      regret_index_temple_of_mockery, kennysheep_little_box
D:10:     dpeg_oklobed_lair, david_nohive_1, small_statue_alley_a
D:11:     serial_column_ruins, column_ruins_open_large, column_ruins_open_tiny,
          column_ruins_open_medium, kennysheep_small_circle
D:12:     lab_entry_generic, serial_shops, shop, kennysheep_mini,
          nicolae_shop_overgrown_old_shop, shop, shop_statue,
          serial_park_tiny_2, uniq_urug, uniq_fannar
D:13:     erik_vaults_2, enter_bailey_3, basic_altar
D:14:     minmay_misc_feat_hallway, serial_park_tiny_pond, uniq_roxanne,
          uniq_azrael, uniq_josephine
D:15:     gammafunk_depths_entry_grave, dk_noncrumbling_4
Temple:   eino_wide_crystal_templ
Lair:1:   beast_lair_carwin_large_3, basic_altar, serial_bayou,
          serial_bayou_pond_c, serial_bayou_pond_d, serial_bayou_pond_e,
          serial_bayou_pond_a
Lair:2:   beast_lair_carwin_large_2, enter_volcano_4, minivault_19
Lair:3:   lemuel_ratsnest, minmay_shoals_entry_beasts, dummy_snake_entry,
          minmay_lair_oklob_chamber
Lair:4:   lemuel_slime, grunt_megastairs_1, uniq_snorg
Lair:5:   slime_altar_1, beast_lair_carwin_2
Lair:6:   minmay_lair_end_enchanted_forest
Snake:2:  serial_bayou_lagoon_b, uniq_aizul
Snake:3:  uniq_vashnia, uniq_nikola
Snake:4:  grunt_snake_rune_spirals, special_room, basic_altar, uniq_bai_suzhen,
          uniq_kirke
Orc:1:    serial_shops, nicolae_shop_waterfront, bloody_makhleb
Orc:2:    st_orc_rangers
Lab:      labyrinth_spiral, nicolae_lab_very_dead_end
Bailey:   bailey_polearm_3, bailey
Volcano:  kennysheep_volcano_temple

Skill      XL: |  1  2  3  4  5  6  7  8  9 10 11 12 13 14 15 16 17 |
---------------+----------------------------------------------------+-----
Axes           | 3 4 5 6 7 9 10 12 13 15 17 18 19 | 19.3
Shields        | 4 5 6 7 8 9 10 11 12 13 14 | 14.6
Fighting       | 4 5 6 7 8 9 10 12 13 15 17 | 17.5
Armour         | 4 5 6 8 9 10 11 12 13 14 | 14.7
Invocations    | 2 3 |  3.0
Evocations     | 2 3 4 5 |  5.1
Crossbows      | 2 3 5 6 |  6.3
Dodging        | 1 3 5 6 7 9 |  9.1

Action                   |  1- 3 |  4- 6 |  7- 9 | 10-12 | 13-15 | 16-18 || total
-------------------------+-------+-------+-------+-------+-------+-------++-------
Melee: War axe           |   115 |   149 |   127 |   126 |   599 |       ||  1116
       Flail             |       |       |   215 |   717 |    26 |       ||   958
       Broad axe         |       |       |       |       |   646 |   683 ||  1329
 Fire: Hand crossbow     |       |       |       |    21 |    54 |    18 ||    93
Throw: Stone             |       |       |     7 |       |       |       ||     7
Invok: Heroism           |       |       |       |     3 |     3 |     1 ||     7
Evoke: Wand              |       |     3 |       |       |     5 |     3 ||    11
       Lamp of fire      |       |       |       |       |       |     1 ||     1
  Use: Potion            |       |     3 |     5 |    12 |    10 |     6 ||    36
       Scroll            |       |     1 |     9 |    13 |    25 |     5 ||    53
  Eat: Chunk             |     1 |     4 |     9 |    24 |    37 |     9 ||    84
       Meat ration       |       |     1 |     1 |     1 |     3 |     2 ||     8
Armor: Scale mail        |    55 |    63 |    31 |       |       |       ||   149
       Ring mail         |       |       |    96 |   332 |       |       ||   428
       Skin              |       |       |     7 |    24 |     1 |       ||    32
       Chain mail        |       |       |       |    55 |    35 |       ||    90
       Gold dragon scale |       |       |       |       |   630 |   401 ||  1031
       Plate armour      |       |       |       |       |    18 |       ||    18
Dodge: Dodged            |    34 |    52 |    99 |   336 |   288 |   166 ||   975
Block: Shield            |    62 |    87 |   203 |   590 |   115 |       ||  1057
       Buckler           |       |       |       |       |   336 |   234 ||   570
